 Dungeon Crawl Stone Soup version 0.20.1-1-g8b1a95d (webtiles) character file.

83 SmokeFace the Shooter (level 4, -9/38 HPs)
             Began as a Centaur Hunter on July 27, 2017.
             Mangled by Sigmund
             ... wielding a +0 scythe
              (10 damage)
             ... on level 2 of the Dungeon.
             The game lasted 00:02:41 (1225 turns).

SmokeFace the Shooter (Centaur Hunter)              Turns: 1225, Time: 00:02:42

Health: -9/38      AC:  4    Str: 16    XL:     4   Next: 22%
Magic:  4/4        EV:  9    Int: 10    God:
Gold:   45         SH:  0    Dex:  9    Spells: 3/3 levels left

rFire    . . .     SeeInvis .   b - +0 short sword
rCold    . . .     Gourm    .   (no shield)
rNeg     . . .     Faith    .   c - +0 leather armour
rPois    .         Spirit   .   (no helmet)
rElec    .         Reflect  .   (no cloak)
rCorr    .         Harm     .   (no gloves)
MR       .....                  (no barding)
Stlth    +.........             (no amulet)
Regen    0.2/turn               (no ring)
MPRegen  0.1/turn               (no ring)

@: very quick
A: hooves 3, deformed body, speed 2, tough skin 3
a: no special abilities


You were on level 2 of the Dungeon.
You were not hungry.

You visited 1 branch of the dungeon, and saw 2 of its levels.

You collected 45 gold pieces.


Innate Abilities, Weirdness & Mutations

You have hooves in place of feet.
Armour fits poorly on your strangely shaped body.
You cover ground very quickly.
You have extremely tough skin. (AC +3)


   Skills:
 + Level 3.0 Fighting
 * Level 6.4 Bows
 + Level 2.0 Dodging
 - Level 0.4 Stealth


You had 3 spell levels left.
You didn't know any spells.

Inventory:

Hand Weapons
 a - a +1 shortbow
 b - a +0 short sword (weapon)
Missiles
 d - 69 arrows
Armour
 c - a +0 leather armour (worn)
Jewellery
 k - an uncursed ring of ice {unknown}
 q - an uncursed ring of resist corrosion {unknown}
Scrolls
 e - a scroll of enchant weapon {unknown}
 i - a scroll of fog {unknown}
 j - a scroll of remove curse {unknown}
 l - 3 scrolls of identify {unknown}
 o - a scroll of enchant armour {unknown}
 s - a scroll of recharging {unknown}
Potions
 g - a potion of mutation {unknown}
 n - a potion of haste {unknown}
 p - a potion of berserk rage {unknown}
 r - a potion of lignification {unknown}
Comestibles
 f - 3 bread rations
 h - a meat ration
 m - 13 chunks of flesh

Dungeon Overview and Level Annotations

Branches:
Dungeon (2/15)

Altars:
Uskayaw
Zin

Annotations:
D:2 Sigmund

.▒ ▒............. .▒
▒...▒▒▒▒.▒.▒.▒ .▒
▒...........%▒ .▒
▒...▒.▒▒.▒...▒
.▒▒▒▒...▒.▒▒.▒....
........▒.▒▒.▒.▒.▒
.....▒..▒.▒▒.▒.▒.▒
..▒▒.▒..▒.▒▒.▒.▒{▒
..▒▒...<▒.▒▒.▒.▒c▒
........▒.▒▒.▒.▒.▒
.......▒▒.▒▒.▒.▒.▒▒▒▒▒.▒
..▒▒▒▒..................
..........▒▒.▒.▒.▒▒▒▒▒.▒
..........▒▒.▒.▒.▒
...........▒.▒.▒.▒
....▒...▒..▒.▒(▒..
........▒..▒.▒.▒▒▒


There were no monsters in sight!


Message History

You hit the kobold.
You kill the kobold!
No target in view!
You see here a club.
Found 14 gold pieces.
You now have 45 gold pieces (gained 14).
Found a glowing silver altar of Zin.
You eat one of the 17 chunks of flesh.
Found a stone staircase leading up.
Found a stone staircase leading down.
Found 4 needles of frenzy.
Sigmund the Dreaded comes into view.
He is wielding a scythe.
Sigmund shouts!
Sigmund mumbles some strange words.
Sigmund flickers and vanishes!
Deactivating autopickup; reactivate with Ctrl-A.
No target in view!
Something hits you!
Found a royal jelly.
You barely miss something. Something hits you!
* * * LOW HITPOINT WARNING * * *
You hit something but do no damage. Something hits you!
* * * LOW HITPOINT WARNING * * *
You closely miss something. Something completely misses you.
You miss something. You hit something but do no damage. Something hits you.
* * * LOW HITPOINT WARNING * * *
You hit something. Something hits you but does no damage.
You hit something. You kick something. Something hits you!
You die...

Action                   |  1- 3 |  4- 6 || total
-------------------------+-------+-------++-------
Melee: Short sword       |    91 |    24 ||   115
       Kick              |    15 |     4 ||    19
 Fire: Shortbow          |     9 |       ||     9
  Eat: Chunk             |       |     1 ||     1
Armor: Leather armour    |    55 |     6 ||    61
Dodge: Dodged            |    58 |     7 ||    65

Vault maps used:
D:1:      dpeg_arrival_connections
D:2:      zin_academy, overflow_temple_1_default, kennysheep_slug_shrine,
          uniq_terence, uniq_sigmund

Notes
Turn   | Place    | Note
-------+----------+-------------------------------------------
     0 | D:1      | SmokeFace the Centaur Hunter began the quest for the Orb.
     0 | D:1      | Reached XP level 1. HP: 17/17 MP: 1/1
   166 | D:1      | Reached XP level 2. HP: 25/25 MP: 2/2
   618 | D:2      | Found a hide-covered altar of Uskayaw.
   657 | D:2      | Reached XP level 3. HP: 22/30 MP: 3/3
   812 | D:2      | Noticed Terence
   829 | D:2      | Killed Terence
   829 | D:2      | Reached skill level 6 in Bows
   966 | D:2      | Reached XP level 4. HP: 29/37 MP: 4/4
   981 | D:2      | Reached skill level 3 in Fighting
  1099 | D:2      | Reached skill level 2 in Dodging
  1144 | D:2      | Found a glowing silver altar of Zin.
  1214 | D:2      | Noticed Sigmund
  1220 | D:2      | HP: 3/38 [something (15)]
  1223 | D:2      | HP: 1/38 [something (2)]
  1225 | D:2      | Mangled by Sigmund

Vanquished Creatures
  Terence (D:2)
  An adder (D:2)
  A worm (D:2)
  4 dart slugs
  2 giant cockroaches (D:1)
  5 goblins
  7 hobgoblins
  A ball python (D:1)
  7 bats (D:1)
  2 frilled lizards
  3 kobolds
  3 rats
37 creatures vanquished.
